Map: Acid Plant LE

Players

Kelazhur

  • Race: Terran Terran
  • League: Master
  • Spawn Location: 5:00

Elazer - Winner!

  • Race: Zerg Zerg
  • Spawn Location: 11:00

Event: HomeStory Cup XVIII

VOD

Have the link to the VOD?

Description

Time

  • Played on: Nov. 22, 2018, 5:22 p.m.
  • Length: 9:01

All games in this series

Show
View Real Time Build Order
Export as new Build Order

Kelazhur Terran 

Build Orders:  

Get SALT Encoding   

  12  0:00  SCV  
  13  0:12  SCV  
  14  0:18  Supply Depot  
  14  0:24  SCV  
  15  0:40  SCV  
  15  0:41  Barracks  
  16  0:43  Refinery  
  16  0:52  SCV  
  17  1:00  Barracks  
  17  1:04  SCV  
  18  1:16  SCV  
  19  1:28  Reaper, Orbital Command  
  20  1:36  Barracks  
  20  1:41  Refinery  
  20  1:47  Reaper  
  20  1:53  Supply Depot  
  21  1:57  SCV  
  22  2:02  Reaper  
  23  2:14  SCV  
  24  2:19  Reaper  
  25  2:25  Reaper  
  25  2:27  SCV  
  27  2:33  Supply Depot  
  27  2:34  Reaper  
  28  2:40  SCV  
  29  2:51  Reaper  
  29  2:52  SCV  
  29  2:57  Reaper  
  32  3:04  SCV  
  33  3:07  Reaper  
  33  3:10  Supply Depot  
  34  3:21  SCV  
  34  3:23  Reaper  
  34  3:25  Command Center  
  36  3:29  Reaper  
  36  3:36  SCV  
  36  3:40  Factory  
  37  3:52  Reaper  
  38  3:58  SCV  
  39  4:06  Barracks Tech Lab  
  39  4:10  SCV  
  39  4:14  Supply Depot  
  40  4:20  Marine  
  40  4:23  SCV  
  42  4:24  Marine  
  42  4:27  Starport  
  42  4:28  Stimpack  
  42  4:29  Marine  
  44  4:38  Marine  
  45  4:40  SCV, Orbital Command  
  45  4:42  Marine  
  47  4:47  Marine  
  47  4:48  Factory Reactor  
  48  4:53  SCV  
  48  4:54  Command Center  
  48  5:00  Bunker, Marine  
  48  5:05  SCV  
  50  5:13  Marine x2, SCV  
  53  5:17  SCV  
  53  5:18  Marine  
  55  5:25  SCV  
  55  5:27  Supply Depot  
  56  5:29  SCV  
  56  5:31  Marine x2  
  56  5:34  Medivac x2  
  63  5:36  Marine  
  63  5:37  SCV  
  65  5:46  SCV  
  65  5:47  Engineering Bay  
  65  5:48  Engineering Bay, Factory Tech Lab  
  65  5:49  Marine x2, SCV  
  69  5:54  Marine  
  70  5:59  SCV  
  71  6:07  Marine, Orbital Command  
  71  6:08  Barracks Reactor, SCV  
  73  6:12  SCV  
  73  6:13  Refinery x2, Barracks Reactor  
  74  6:19  Terran Infantry Weapons Level 1, Terran Infantry Armor Level 1  
  74  6:20  SCV  
  74  6:25  Marine  
  76  6:26  Barracks  
  76  6:28  Barracks  
  76  6:37  SCV x2  
  78  6:40  Siege Tank  
  78  6:43  Marine  
  82  6:53  Orbital Command  
  82  6:54  Marine, Medivac  
  82  6:55  Marine x2  
  82  6:56  Marine  
  82  6:57  SCV  
  82  6:58  SCV  
  82  7:01  Marine  
  89  7:06  Supply Depot  
  89  7:11  Armory  
  89  7:12  Marine x2, Siege Tank  
  89  7:13  SCV x2  
  93  7:18  Barracks Reactor x2  
  93  7:23  Supply Depot  
  93  7:25  Marine x2  
  93  7:29  Marine  
  95  7:30  Marine, SCV  
  95  7:31  SCV  
  95  7:35  Medivac x2  
  95  7:37  SCV  
  104  7:42  Marine  
  104  7:43  SCV  
  105  7:49  Marine x3, Marauder  
  105  7:50  SCV  
  111  7:54  SCV  
  111  7:55  Marine, Siege Tank, SCV  
  117  8:10  Supply Depot x2  
  117  8:11  Missile Turret  
  117  8:19  Marine  
  117  8:23  Supply Depot x3  
  117  8:27  Marine x2  
  117  8:28  Marine, SCV x2  
  117  8:31  Marine x4, SCV  
  117  8:32  Marauder  
  124  8:36  Marine  
  123  8:41  Supply Depot  
  123  8:43  Barracks  
  123  8:44  Barracks  
Show
View Real Time Build Order
Export as new Build Order

Elazer Zerg - Winner!

Build Orders: Hatch First 

Get SALT Encoding   

  12  0:01  Drone  
  13  0:12  Overlord  
  13  0:16  Drone  
  14  0:31  Drone x2  
  16  0:48  Hatchery  
  15  0:51  Drone  
  15  0:55  Drone  
  17  0:58  Drone  
  18  1:09  Extractor  
  17  1:13  Spawning Pool  
  17  1:17  Drone  
  17  1:20  Drone  
  18  1:28  Drone  
  19  1:38  Drone  
  20  1:50  Drone  
  21  2:00  Queen x2  
  21  2:01  Zergling x4  
  27  2:15  Hatchery  
  26  2:18  Overlord  
  26  2:21  Drone  
  27  2:24  Drone  
  28  2:40  Queen  
  28  2:43  Queen  
  32  2:47  Drone x2  
  32  2:50  Drone  
  33  3:00  Roach Warren  
  33  3:02  Zergling x4  
  33  3:05  Drone  
  34  3:07  Drone  
  35  3:13  Overlord  
  35  3:29  Drone  
  35  3:30  Overlord  
  34  3:37  Drone  
  34  3:40  Roach x2  
  34  3:41  Roach x2  
  43  3:42  Overlord  
  43  3:49  Drone x3  
  46  4:03  Ravager, Drone  
  46  4:04  Drone x4  
  52  4:14  Overlord, Roach  
  54  4:19  Roach  
  54  4:21  Roach  
  58  4:28  Roach  
  62  4:31  Roach x2  
  62  4:32  Overlord  
  62  4:41  Roach  
  62  4:44  Overlord  
  63  4:46  Drone x4  
  63  4:48  Extractor  
  63  4:52  Roach  
  68  4:55  Overlord  
  68  4:58  Drone x3  
  69  5:04  Evolution Chamber  
  69  5:05  Drone x4  
  71  5:16  Drone x2  
  71  5:18  Drone  
  71  5:19  Drone x5  
  79  5:22  Lair  
  79  5:23  Extractor  
  79  5:28  Drone x3  
  81  5:36  Drone  
  81  5:38  Overlord  
  81  5:39  Drone  
  81  5:41  Drone x3  
  86  5:46  Overlord  
  86  5:47  Extractor, Drone x2  
  86  5:49  Zerg Ground Armor Level 1  
  85  5:53  Evolution Chamber  
  85  5:54  Drone x3  
  87  6:01  Roach x3  
  93  6:10  Extractor, Drone  
  93  6:11  Drone x3  
  96  6:12  Overlord  
  96  6:19  Roach x2  
  96  6:20  Glial Reconstitution  
  96  6:22  Roach  
  102  6:30  Roach x3  
  102  6:32  Overlord  
  108  6:34  Drone  
  108  6:37  Zerg Missile Weapons Level 1  
  109  6:42  Roach x2  
  112  6:47  Overlord  
  110  6:59  Roach x9  
  128  7:05  Overlord x2  
  128  7:08  Roach x5  
  138  7:11  Overlord  
  138  7:13  Overlord  
  138  7:20  Overlord  
  138  7:27  Drone  
  138  7:28  Roach x5  
  149  7:31  Hatchery  
  149  7:34  Roach x3  
  149  7:36  Overlord  
  154  7:41  Roach x3  
  170  7:51  Roach x5  
  170  7:57  Ravager  
  170  7:58  Ravager x2  
  173  7:59  Overlord  
  173  8:04  Roach x2  
  177  8:09  Overlord  
  177  8:15  Overlord  
  177  8:17  Ravager  
  178  8:21  Roach x4  
  186  8:28  Ravager x2  
  186  8:30  Ravager  
  186  8:32  Ravager  
Tags
 
Add a new tag
Caveats
  • Supply blocks, unpowered buildings, or Contaminate may cause inaccurate times.
  • Supply counts are checked every 10 seconds.